 Dungeon Crawl Stone Soup version 0.25.1-2-g60ff931df9 (webtiles) character file.

Game seed: 5430819428893138519

116 Chiseanne the Magician (level 4, -3/30 HPs)
             Began as a Demonspawn Wizard on Oct 8, 2020.
             Slain by an orc
             ... wielding a +0 spear
              (11 damage)
             ... on level 4 of the Dungeon.
             The game lasted 00:05:17 (2922 turns).

Chiseanne the Magician (Demonspawn Wizard)          Turns: 2922, Time: 00:05:17

Health: -3/30      AC:  2    Str:  8    XL:     4   Next: 69%
Magic:  0/10       EV: 12    Int: 20    God:
Gold:   67         SH:  0    Dex: 17    Spells: 5/11 levels left

rFire    . . .     SeeInvis .   a - +0 short sword
rCold    . . .     Gourm    .   (no shield)
rNeg     . . .     Faith    .   u - +0 robe
rPois    .         Spirit   +   b - +0 hat
rElec    .         Reflect  .   (no cloak)
rCorr    .         Harm     .   (no gloves)
MR       .....                  (no boots)
Stlth    ++........             (no amulet)
HPRegen  0.10/turn              h - ring of wizardry
MPRegen  0.12/turn              r - +6 ring of dexterity

@: no status effects
A: powered by death 2, magic shield
a: no special abilities


You were on level 4 of the Dungeon.
You were not hungry.

You visited 1 branch of the dungeon, and saw 4 of its levels.

You collected 67 gold pieces.

Inventory:

Hand Weapons
 a - a +0 short sword (weapon)
 j - a cursed -2 dagger
Missiles
 g - 34 bolts
 m - 37 stones (quivered)
 n - 16 sling bullets
 q - 31 arrows
 w - 4 boomerangs
Armour
 b - a +0 hat (worn)
 u - a +0 robe (worn)
Jewellery
 h - a ring of wizardry (left hand)
 r - a +6 ring of dexterity (right hand)
Scrolls
 c - 2 scrolls of identify
 i - 2 scrolls of teleportation
 k - a scroll of remove curse
Potions
 l - a potion of magic
 p - a potion of berserk rage
 s - a potion of curing
 t - 2 potions of might
 v - a potion of invisibility {unknown}
 z - a potion of resistance {unknown}
Comestibles
 d - 8 rations
 x - 5 chunks of flesh


   Skills:
 - Level 1.7 Dodging
 - Level 1.7 Stealth
 * Level 4.2 Spellcasting
 * Level 3.2 Conjurations
   Level 1.0 Summonings
 - Level 0.8 Translocations


You had 5 spell levels left.
You knew the following spells:

 Your Spells              Type           Power        Failure   Level  Hunger
a - Magic Dart            Conj           ###.         1%          1    None
b - Blink                 Tloc           N/A          6%          2    #......
d - Mephitic Cloud        Conj/Pois/Air  #.......     10%         3    ###....

Your spell library contained the following spells:

 Spells                   Type           Power        Failure   Level  Hunger
 Call Imp                 Summ           #.......     5%          2    #......
 Slow                     Hex            #.......     8%          2    #......
 Conjure Flame            Conj/Fire      ##......     8%          3    ###....


Dungeon Overview and Level Annotations

Branches:
Dungeon (4/15)
 Temple: D:4-7

Altars:

Annotations:
D:3 exclusion: 2 gnolls
D:4 Ijyb


Innate Abilities, Weirdness & Mutations

You regenerate health from kills.
When hurt, damage is shared between your health and your magic reserves.


Message History

You hit the orc but do no damage.
The orc is lightly wounded.
The orc closely misses you.
You hit the orc but do no damage.
The orc is lightly wounded.
The orc drinks a potion.
The orc seems to grow stronger.
The orc hits you but does no damage.
You hit the orc but do no damage.
The orc is lightly wounded.
The orc barely misses you.
You hit the orc but do no damage.
The orc is lightly wounded.
The orc barely misses you.
You hit the orc but do no damage.
The orc is lightly wounded.
The orc hits you with a +0 spear!
You barely miss the orc. The orc hits you with a +0 spear!
* * * LOW HITPOINT WARNING * * *
The orc hits you from afar with a +0 spear!
You die...

##############
##............#
#......#..###.#
#..###.#..###)#######
#...[..#..#o.@......#
##...#.......#.#####.#
#.>.....#..###.# #.#
#..............# #.#
#.##.#)#############.####
#.##...# #.......#
#.####.# #.##.##.#
###......########
#.##.##.#
................#
#....##.#


You could see an orc (strong).

Vanquished Creatures
  An orc wizard (D:4)
  4 adders
  A worm (D:2)
  A dart slug (D:1)
  5 leopard geckos
  5 orcs (D:4)
  2 giant cockroaches
  3 hobgoblins (D:1)
  6 jackals
  5 bats
  6 frilled lizards
  3 goblins (D:1)
42 creatures vanquished.

Notes
Turn   | Place    | Note
-------+----------+-------------------------------------------
     0 | D:1      | Chiseanne the Demonspawn Wizard began the quest for the
                  | Orb.
     0 | D:1      | Reached XP level 1. HP: 13/13 MP: 4/4
   185 | D:1      | Gained mutation: You regenerate a little health from kills.
                  | [demonic ancestry]
   185 | D:1      | Reached XP level 2. HP: 19/19 MP: 0/6
  1153 | D:2      | Gained mutation: When hurt, damage is shared between your
                  | health and your magic reserves. [demonic ancestry]
  1153 | D:2      | Reached XP level 3. HP: 24/24 MP: 4/8
  1291 | D:2      | Found a faded altar of an unknown god.
  2074 | D:3      | Learned a level 2 spell: Blink
  2078 | D:3      | Learned a level 3 spell: Mephitic Cloud
  2135 | D:3      | Noticed a sky beast
  2429 | D:4      | Gained mutation: You regenerate health from kills. [demonic
                  | ancestry]
  2429 | D:4      | Reached XP level 4. HP: 30/30 MP: 4/9
  2584 | D:3      | Noticed an ogre
  2611 | D:4      | Reached skill level 4 in Spellcasting
  2639 | D:4      | Noticed Ijyb
  2922 | D:4      | Slain by an orc

Illustrated notes

Levels and vault maps discovered:
D:1:      enne_arrival_octagon_isle, layout_basic
D:2:      layout_basic, chequers_ecumenical_altar_grove, minmay_misc_feat_iff
D:3:      layout_loops_ring
D:4:      layout_loops_cross, nicolae_qazlal_eye_of_the_storm, uniq_ijyb

Skill      XL: |  1  2  3  4 |
---------------+-------------+-----
Conjurations   | 2 3 |  3.2
Spellcasting   | 4 |  4.2
Dodging        | |  1.7
Stealth        | |  1.7
Summonings     | |  1.0
Translocations | |  0.8

Action                   |  1- 3 |  4- 6 || total
-------------------------+-------+-------++-------
Melee: Dagger            |    37 |       ||    37
       Short sword       |       |    22 ||    22
 Cast: Magic Dart        |    83 |    29 ||   112
       Mephitic Cloud    |       |     2 ||     2
  Use: Scroll            |       |    10 ||    10
  Eat: Chunk             |     4 |     2 ||     6
Armor: Robe              |    11 |       ||    11
Dodge: Dodged            |    62 |    21 ||    83
